 Dungeon Crawl Stone Soup version 0.25-a0-667-gb977e01cb5 (webtiles) character file.

Game seed: 779523909557857218, levelgen mode: deterministic

535 nono the Skirmisher (level 7, -2/55 HPs)
             Began as a Vine Stalker Hunter on Mar 27, 2020.
             Slain by Duvessa the wolf (5 damage)
             ... on level 4 of the Dungeon.
             The game lasted 00:13:35 (3771 turns).

nono the Skirmisher (Vine Stalker Hunter)           Turns: 3771, Time: 00:13:36

Health: -2/55      AC: 23    Str: 17    XL:     7   Next: 25%
Magic:  0/8        EV:  2    Int: 11    God:
Gold:   165        SH:  5    Dex: 14    Spells: 6/6 levels left

rFire    . . .     SeeInvis .   (no weapon)
rCold    . . .     Gourm    .   d - +0 buckler
rNeg     + + +     Faith    .   (armour currently unavailable)
rPois    +         Spirit   +   (helmet currently unavailable)
rElec    .         Reflect  .   (cloak currently unavailable)
rCorr    .         Harm     .   (gloves currently unavailable)
MR       +....     NoTele   +   (boots currently unavailable)
Stlth    ++........             (no amulet)
HPRegen  0.58/turn              h - ring of protection from magic
MPRegen  0.11/turn              (no ring)

@: tree-form
A: regeneration 1, magic shield, no potion heal 3, rot immunity
a: no special abilities


You were on level 4 of the Dungeon.
You were not hungry.
You were a tree.
You visited 1 branch of the dungeon, and saw 4 of its levels.

You collected 165 gold pieces.

Inventory:

Hand Weapons
 a - a +0 short sword
Missiles
 g - 9 boomerangs
 p - 4 javelins (quivered)
Armour
 b - a +0 leather armour
 d - a +0 buckler (worn)
 l - a +0 chain mail
 w - a +0 ring mail (melded)
Jewellery
 h - a ring of protection from magic (left branch)
 k - an uncursed ring of resist corrosion
 n - an uncursed amulet of faith
Wands
 i - a wand of polymorph (9)
Scrolls
 c - a scroll of fear {unknown}
 e - 2 scrolls of teleportation {unknown}
 j - a scroll of random uselessness {unknown}
 o - 2 scrolls of remove curse {unknown}
 q - a scroll of identify
 u - a scroll of enchant armour {unknown}
Potions
 t - a potion of heal wounds {unknown}
 x - a potion of mutation {unknown}
Comestibles
 f - 8 rations
 v - 4 chunks of flesh


   Skills:
 + Level 4.2 Fighting
 + Level 3.6 Short Blades
 - Level 3.6 Throwing
 - Level 1.5 Dodging
 - Level 1.2 Stealth
 + Level 3.8 Shields


You had 6 spell levels left.
You didn't know any spells.
Your spell library was empty.

Dungeon Overview and Level Annotations

Branches:
Dungeon (4/15)
 Temple: D:4-7

Altars:

Shops:
D:4 *:(

Annotations:
D:4 Duvessa


Innate Abilities, Weirdness & Mutations

((You have extremely sharp teeth.))
Your natural rate of healing is unusually fast.
When hurt, damage is shared between your health and your magic reserves.
((Your bite disrupts and absorbs the magic of your enemies.))
Potions cannot restore your health.
You are immune to rotting.


Message History

Your +0 ring mail melds into your body.
Your roots penetrate the ground.
Duvessa bites you but does no damage. Dowan gestures at you while chanting.
The puff of frost hits you but does no damage.
You are now empty-handed.
You block Duvessa's attack.
You hit Dowan but do no damage.
Dowan is almost dead.
You block Duvessa's attack. Dowan hits you but does no damage.
You hit Dowan.
Dowan is almost dead.
Duvessa bites you but does no damage. Dowan hits you but does no damage.
Duvessa bites you but does no damage.
You smack Dowan!
You kill Dowan!
Duvessa goes berserk!
Duvessa barely misses you. Duvessa bites you but does no damage.
Duvessa bites you!
* * * LOW HITPOINT WARNING * * *
You closely miss Duvessa. Duvessa bites you but does no damage.
Duvessa bites you.
You die...

############.....#
#.######
..(.........^...(# #.#
################.# #.#
.......# #.# #.#
######.##### #.# #.#
..#........#
#∩#########.#
.>#.##.###.#
#.#.......#.# ..#....#
#.# #h#.......#.######
..#..### #.#
#♣#<......#.#.....
..#..# #.#
#)#.......#.#.####
..#..# #.#
#.#...............
#.#..#
#.#####.#...............
..#..###
#.......#.......#.#.....
#......#
###########.#####.#####.
'......+
......#∩'.........
#......#
#####.#####.#####.
.......+
........#....##.


You could see Duvessa the wolf (berserk).

Vanquished Creatures
  A bullfrog (D:3)
  A scorpion (D:4)
  Dowan (D:4)
  A hound (D:4)
  A centaur skeleton (D:4)
  Jessica (D:3)
  Natasha (twice) (D:2)
  Terence (D:2)
  A worker ant (D:4)
  8 adders
  An ooze (D:2)
  2 worms (D:3)
  3 dart slugs
  7 leopard geckos
  12 orcs
  7 bats
  4 giant cockroaches
  8 goblins
  5 hobgoblins
  2 jackals (D:4)
  4 quokkas
  A ball python (D:4)
  4 frilled lizards
  9 kobolds
  A quokka skeleton (D:4)
  10 rats
98 creatures vanquished.

Vanquished Creatures (others)
  Natasha (D:2)
1 creature vanquished.

Grand Total: 99 creatures vanquished

Notes
Turn   | Place    | Note
-------+----------+-------------------------------------------
     0 | D:1      | nono the Vine Stalker Hunter began the quest for the Orb.
     0 | D:1      | Reached XP level 1. HP: 11/11 MP: 2/2
   217 | D:1      | Reached skill level 2 in Fighting
   292 | D:1      | Reached XP level 2. HP: 13/15 MP: 3/3
   339 | D:1      | Reached skill level 1 in Short Blades
   861 | D:1      | Reached XP level 3. HP: 11/19 MP: 2/4
  1741 | D:2      | Noticed Natasha
  1753 | D:2      | Gained mutation: Your natural rate of healing is unusually
                  | fast. [Vine Stalker growth]
  1753 | D:2      | Reached XP level 4. HP: 11/23 MP: 3/5
  1763 | D:2      | Killed Natasha
  1763 | D:2      | Reached skill level 3 in Fighting
  1789 | D:2      | Noticed Natasha
  1935 | D:2      | Noticed Terence
  1961 | D:2      | Killed Terence
  1961 | D:2      | Reached skill level 1 in Shields
  2029 | D:2      | Killed Natasha
  2029 | D:2      | Reached XP level 5. HP: 19/28 MP: 6/6
  2200 | D:2      | Noticed Natasha
  2211 | D:2      | Killed Natasha
  2277 | D:3      | Noticed Jessica
  2447 | D:3      | Killed Jessica
  2450 | D:3      | Reached XP level 6. HP: 32/32 MP: 7/7
  3155 | D:4      | Found Duybuus's Book Emporium.
  3272 | D:4      | Reached XP level 7. HP: 37/37 MP: 8/8
  3348 | D:4      | Reached skill level 4 in Fighting
  3411 | D:4      | Found Tupaisme's Weapon Shop.
  3679 | D:4      | Noticed Duvessa
  3679 | D:4      | Noticed Dowan
  3733 | D:4      | Found Oheitz's Assorted Antiques.
  3759 | D:4      | Noticed Duvessa
  3759 | D:4      | Duvessa changed into Duvessa the wolf
  3770 | D:4      | Killed Dowan
  3770 | D:4      | HP: 2/55 [Duvessa the wolf (13)]
  3771 | D:4      | Slain by Duvessa the wolf

Levels and vault maps discovered:
D:1:      lightli_arrival_flooded_house, layout_basic, serial_park_tiny_2
D:2:      layout_rooms, first_ration, minmay_tall_x, uniq_natasha, uniq_terence
D:3:      layout_basic, hangedman_decor_riveting, uniq_jessica
D:4:      layout_basic, serial_shops, shop, shop, nicolae_shop_window_shopping,
          uniq_duvessa

Skill      XL: |  1  2  3  4  5  6  7 |
---------------+----------------------+-----
Fighting       | 2 3 4 |  4.2
Short Blades   | 1 2 3 |  3.6
Shields        | 2 3 |  3.8
Throwing       | |  3.6
Dodging        | |  1.5
Stealth        | |  1.2

Action                   |  1- 3 |  4- 6 |  7- 9 || total
-------------------------+-------+-------+-------++-------
Melee: Short sword       |    70 |   225 |    58 ||   353
       Bite              |    18 |    65 |    25 ||   108
       Unarmed           |       |       |     4 ||     4
Throw: Javelin           |     8 |    13 |     4 ||    25
       Throwing net      |       |     3 |     1 ||     4
       Boomerang         |       |     1 |       ||     1
Evoke: Wand              |       |       |     3 ||     3
  Use: Potion            |       |       |     2 ||     2
       Scroll            |       |       |     1 ||     1
 Stab: Distracted        |     1 |       |       ||     1
       Held in net/web   |       |       |     1 ||     1
  Eat: Chunk             |     3 |     5 |     1 ||     9
Armor: Leather armour    |    29 |     8 |       ||    37
       Chain mail        |       |    83 |       ||    83
       Ring mail         |       |    10 |    20 ||    30
       Skin              |       |       |     8 ||     8
Dodge: Dodged            |    51 |    75 |    33 ||   159
Block: Buckler           |       |    37 |    18 ||    55

Table legend:
 A = Non-vault XP
 B = Vault XP
 C = Vault XP percentage of total XP
 D = Non-vault monster count
 E = Vault monster count
 F = Vault count percentage of total count
                 A         B        C        D         E       F
            +---------+---------+-------+---------+---------+-------
      Total |     597 |     168 |  22.0 |      91 |       8 |   8.1
            +---------+---------+-------+---------+---------+-------
        D:1 |      39 |       0 |   0.0 |      22 |       0 |   0.0
        D:2 |     147 |      64 |  30.3 |      27 |       6 |  18.2
        D:3 |     154 |      37 |  19.4 |      22 |       1 |   4.3
        D:4 |     257 |      67 |  20.7 |      20 |       1 |   4.8
            +---------+---------+-------+---------+---------+-------
